 Dungeon Crawl Stone Soup version 0.21.1-1-g345015f (webtiles) character file.

959 grindst0ne the Fighter (level 8, -14/72 HPs)
             Began as a Formicid Hunter on Mar 2, 2018.
             Was a Believer of the Shining One.
             Demolished by a two-headed ogre
             ... wielding a cursed -3 giant club
              (16 damage)
             ... on level 6 of the Dungeon.
             The game lasted 00:09:30 (5354 turns).

grindst0ne the Fighter (Formicid Hunter)            Turns: 5354, Time: 00:09:30

Health: -14/72     AC: 10    Str: 18    XL:     8   Next: 37%
Magic:  8/8        EV:  7    Int: 12    God:    the Shining One [**....]
Gold:   47         SH:  0    Dex: 11    Spells: 7/7 levels left

rFire    . . .     SeeInvis +   u - +0 war axe
rCold    . . .     Gourm    .   (no shield)
rNeg     + . .     Faith    .   l - +0 chain mail
rPois    .         Spirit   .   (helmet unavailable)
rElec    .         Reflect  .   (no cloak)
rCorr    .         Harm     .   n - +1 pair of gloves
MR       .....     Clarity  +   (no boots)
Stlth    ..........             (no amulet)
HPRegen  0.22/turn              (no ring)
MPRegen  0.11/turn              (no ring)

@: glowing
A: permanent stasis, dig shafts and tunnels, four strong arms, antennae 3,
hooves 1, clarity
a: Dig, Shaft Self, Divine Shield, Renounce Religion


You were on level 6 of the Dungeon.
You worshipped the Shining One.
The Shining One was pleased with you.
You were not hungry.

You visited 1 branch of the dungeon, and saw 6 of its levels.

You collected 260 gold pieces.
You spent 213 gold pieces at shops.

Inventory:

Hand Weapons
 g - a +4 dagger
 u - a +0 war axe (weapon)
Missiles
 e - a javelin (quivered)
Armour
 l - a +0 chain mail (worn)
 n - a +1 pair of gloves (worn)
Jewellery
 s - a +3 ring of intelligence {unknown}
Wands
 v - a wand of acid (2)
Scrolls
 b - 2 scrolls of enchant armour {unknown}
 h - 7 scrolls of identify {unknown}
 i - 2 scrolls of amnesia {unknown}
 j - 3 scrolls of fog {unknown}
 k - a scroll of noise {unknown}
 m - 2 scrolls of magic mapping {unknown}
 p - a scroll of immolation {unknown}
 q - 2 scrolls of remove curse
 w - a scroll of teleportation {unknown}
 x - a scroll of enchant weapon {unknown}
Potions
 a - a potion of flight
 c - a potion of berserk rage {unknown}
 d - a potion of cancellation
 o - a potion of mutation
 r - a potion of magic
 t - a potion of resistance {unknown}
Comestibles
 f - 9 rations


   Skills:
 + Level 10.1 Fighting
 * Level 0.6 Axes
 - Level 4.0 Throwing
 - Level 1.7 Dodging
 - Level 1.2 Stealth


You had 7 spell levels left.
You didn't know any spells.

Dungeon Overview and Level Annotations

Branches:
Dungeon (6/15)             Temple (0/1) D:4

Altars:
Cheibriados
Fedhas
Qazlal
Sif Muna
Trog
Uskayaw
The Shining One

Shops:
D:4 [   D:5 (


Innate Abilities, Weirdness & Mutations

You cannot be hasted, slowed, berserked, paralysed or teleported.
You can dig through walls and to a lower floor.
Your four strong arms can wield two-handed weapons with a shield.
You have a pair of large antennae on your head. (SInv)
You have large cloven feet.
You possess an exceptional clarity of mind.


Message History

The two-headed ogre barely misses you.
You dig through the rock wall.
You retract your mandibles.
There is a stone staircase leading up here.
A worker ant zombie comes into view.
You extend your mandibles.
You dig through the rock wall.
You dig through the rock wall.
The two-headed ogre hits you with a giant club!
The two-headed ogre hits you but does no damage.
You dig through the rock wall.
You dig through the rock wall.
You retract your mandibles.
Okay, then.
As you read the scroll labeled GUBIP GEQ OMAN, it crumbles to dust.
You feel blessed for a moment.
It was a scroll of remove curse.
The two-headed ogre hits you with a giant club!!
* * * LOW HITPOINT WARNING * * *
The two-headed ogre hits you with a giant club!
You die...

###...## ###....#.####
#...........###
##.............##
#...............#
................#
......./........#
#.......).....<.#### .
#...............@..##....
##(.............#O.......
##............#.####....
##..........#{## ..
#.........#Z##
##.......#### .....#
....# .###


You could see a two-headed ogre.

Vanquished Creatures
  2 ogres (D:4)
  A centaur (D:5)
  A scorpion (D:5)
  A bullfrog zombie (D:5)
  2 bullfrog skeletons (D:5)
  A centaur skeleton (D:4)
  2 iguanas
  Jessica (D:3)
  Natasha (thrice) (D:2)
  2 worker ants
  7 gnolls
  13 adders
  2 shadow imps (D:5)
  2 oozes
  An adder skeleton (D:5)
  3 adder zombies
  3 worms (D:2)
  4 dart slugs
  5 leopard geckos
  6 orcs (D:5)
  2 bat skeletons (D:2)
  2 bat zombies (D:2)
  3 giant cockroaches
  3 goblins
  8 hobgoblins
  10 jackals
  5 kobolds
  4 quokkas
  3 ball pythons
  5 bats (D:2)
  3 frilled lizards
  A leopard gecko skeleton (D:2)
  2 leopard gecko zombies
  11 rats
124 creatures vanquished.

Notes
Turn   | Place    | Note
-------+----------+-------------------------------------------
     0 | D:1      | grindst0ne the Formicid Hunter began the quest for the Orb.
     0 | D:1      | Reached XP level 1. HP: 16/16 MP: 1/1
   233 | D:1      | Reached XP level 2. HP: 19/23 MP: 2/2
   244 | D:1      | Reached skill level 3 in Fighting
   689 | D:1      | Reached XP level 3. HP: 29/29 MP: 3/3
  1197 | D:2      | Reached skill level 4 in Fighting
  1558 | D:2      | Reached XP level 4. HP: 28/38 MP: 4/4
  1607 | D:2      | Reached skill level 5 in Fighting
  2006 | D:2      | Reached XP level 5. HP: 37/44 MP: 5/5
  2113 | D:2      | Found a glowing golden altar of the Shining One.
  2116 | D:2      | Became a worshipper of the Shining One
  2131 | D:2      | Noticed Natasha
  2137 | D:2      | Killed Natasha
  2222 | D:2      | Found a stormy altar of Qazlal.
  2288 | D:2      | Reached skill level 6 in Fighting
  2366 | D:2      | Noticed Natasha
  2370 | D:2      | Killed Natasha
  2370 | D:2      | Reached XP level 6. HP: 53/53 MP: 6/6
  2390 | D:2      | Noticed Natasha
  2396 | D:2      | Killed Natasha
  2653 | D:3      | Noticed Jessica
  2655 | D:3      | Killed Jessica
  2663 | D:3      | Found a deep blue altar of Sif Muna.
  2730 | D:3      | Reached skill level 7 in Fighting
  2970 | D:3      | Found a snail-covered altar of Cheibriados.
  3139 | D:4      | Found a hide-covered altar of Uskayaw.
  3218 | D:4      | Reached XP level 7. HP: 17/61 MP: 7/7
  3459 | D:4      | Gained mutation: You have large cloven feet. [potion of mutation]
  3459 | D:4      | Gained mutation: You possess an exceptional clarity of mind. [potion of mutation]
  3463 | D:4      | Reached skill level 8 in Fighting
  3470 | D:4      | Reached * piety under the Shining One
  4193 | D:4      | Found Seratt's Armour Shop.
  4197 | D:4      | Bought a +1 pair of gloves for 161 gold pieces
  4253 | D:4      | Found a blossoming altar of Fedhas.
  4365 | D:4      | Found a staircase to the Ecumenical Temple.
  4376 | D:4      | Reached skill level 9 in Fighting
  4442 | D:5      | Entered Level 5 of the Dungeon
  4452 | D:5      | Reached XP level 8. HP: 56/71 MP: 8/8
  4618 | D:5      | Found a deep blue altar of Sif Muna.
  4622 | D:5      | Found a bloodstained altar of Trog.
  4811 | D:5      | Reached skill level 10 in Fighting
  4813 | D:5      | Found Xavatooh's Weapon Emporium.
  4968 | D:5      | Bought a +0 war axe for 52 gold pieces
  5315 | D:6      | Noticed a two-headed ogre
  5315 | D:6      | Reached ** piety under the Shining One
  5354 | D:6      | HP: 2/72 [two-headed ogre/giant club (21)]
  5354 | D:6      | Demolished by a two-headed ogre

Skill      XL: |  1  2  3  4  5  6  7  8 |
---------------+-------------------------+-----
Fighting       | 3 4 5 6 7 9 10 | 10.1
Axes           | |  0.6
Throwing       | |  4.0
Dodging        | |  1.7
Stealth        | |  1.2

Action                   |  1- 3 |  4- 6 |  7- 9 || total
-------------------------+-------+-------+-------++-------
Melee: Short sword       |    59 |       |       ||    59
       Dagger            |    17 |   189 |   144 ||   350
       Kick              |       |       |    40 ||    40
       War axe           |       |       |     8 ||     8
Throw: Javelin           |    29 |    22 |     3 ||    54
       Throwing net      |     2 |     1 |       ||     3
 Abil: Dig               |       |     6 |     5 ||    11
  Use: Potion            |       |       |     8 ||     8
       Scroll            |       |       |     1 ||     1
  Eat: Chunk             |     2 |     6 |     8 ||    16
Armor: Leather armour    |    32 |       |       ||    32
       Chain mail        |    10 |    87 |    75 ||   172
Dodge: Dodged            |    67 |    80 |    47 ||   194
